 Dungeon Crawl Stone Soup version 0.22-a0-135-g6f012ad (webtiles) character file.

248 Lathuz the Digger (level 6, -1/32 HPs)
             Began as a Gargoyle Earth Elementalist on Feb 1, 2018.
             Killed by divine providence
             ... invoked by an orc priest
              (9 damage)
             ... on level 3 of the Dungeon.
             The game lasted 00:10:43 (3325 turns).

Lathuz the Digger (Gargoyle Earth Elementalist)     Turns: 3325, Time: 00:10:44

Health: -1/32      AC:  6    Str: 12    XL:     6   Next: 12%
Magic:  1/9        EV: 12    Int: 17    God:
Gold:   95         SH:  0    Dex: 10    Spells: 5/9 levels left

rFire    . . .     SeeInvis .   h - +1 hand axe (flame)
rCold    . . .     Gourm    .   (no shield)
rNeg     + . .     Faith    .   c - +0 robe
rPois    ∞         Spirit   .   (no helmet)
rElec    +         Reflect  .   (no cloak)
rCorr    .         Harm     .   (no gloves)
MR       .....                  (no boots)
Stlth    ++........             i - amulet of inaccuracy (curse)
HPRegen  0.10/turn              (no ring)
MPRegen  0.11/turn              (no ring)

@: no status effects
A: negative energy resistance 1, electricity resistance, unbreathing,
petrification resistance, rot immunity, AC +4
a: no special abilities


You were on level 3 of the Dungeon.
You were very hungry.

You visited 1 branch of the dungeon, and saw 3 of its levels.

You collected 95 gold pieces.

Inventory:

Hand Weapons
 h - a +1 hand axe of flaming (weapon)
Missiles
 b - 72 stones (quivered)
Armour
 c - a +0 robe (worn)
Jewellery
 i - a cursed amulet of inaccuracy (around neck)
Wands
 k - a wand of iceblast (9)
Scrolls
 a - a scroll of teleportation {unknown}
 f - a scroll of blinking {unknown}
 l - a scroll of immolation {unknown}
 m - a scroll of identify
 n - a scroll of noise {unknown}
 o - a scroll of fear {unknown}
Potions
 g - a potion of mutation
 j - a potion of heal wounds {unknown}
 q - a potion of might {unknown}
Books
 e - a book of Geomancy

   Spells                             Type                      Level
   a - Sandblast                      Earth                        1
   b - Passwall                       Transmutation/Earth          2
   c - Stone Arrow                    Conjuration/Earth            3
   d - Petrify                        Transmutation/Earth          4
   e - Lee's Rapid Deconstruction     Earth                        5
Comestibles
 d - 2 rations


   Skills:
 - Level 1.5 Dodging
 - Level 2.1 Stealth
 - Level 2.0 Spellcasting
 * Level 4.4 Conjurations
   Level 0.7 Transmutations
 + Level 6.1 Earth Magic


You had 5 spell levels left.
You knew the following spells:

 Your Spells              Type           Power        Failure   Level  Hunger
a - Sandblast             Erth           ###...       1%          1    #......
b - Stone Arrow           Conj/Erth      ###...       7%          3    ###....


Dungeon Overview and Level Annotations

Branches:
Dungeon (3/15)

Altars:


Innate Abilities, Weirdness & Mutations

You are resistant to torment.
Your stone body is resilient. (AC +4)
You are immune to poison.
You resist negative energy. (rN+)
You are resistant to electric shocks. (rElec)
You can survive without breathing.
You are immune to petrification.
You are immune to rotting.


Message History

The jackal closely misses you. The jackal misses you.
Casting: Sandblast (safe; 1% risk of failure)
Confirm with . or Enter, or press ? or * to list all spells.
Aiming: Sandblast (safe; 1% risk of failure)
Press: ? - help, Shift-Dir - straight line, f/p - jackal
Aim: a jackal The blast of sand misses the jackal.
b - 72 stones The jackal closely misses you.
The jackal barely misses you.
You see here a stone.
Items here: ( ) [ † a stone; a war axe; a scale mail; an orc corpse You are feeling very hungry.
The jackal barely misses you.
You see here a stone.
The jackal bites you but does no damage.
The orc priest calls down the wrath of Beogh upon you.
Beogh smites you!
You die...

#### ####..##
#### #.[....#
....# ##.####.##
#...######(.#
#..## #
#...#.oo.##
##†o#
#.###...####
##.# #.....h.#
#o## ######.@..#
#.h##
##....).#......#
##.o#
#..#######.###.#
##.. #.## #.#
### #.# #.#
###.# #.#
#...### #.#
##....#####
##........##


You could see an orc priest, an orc and a jackal.

Vanquished Creatures
  The ghost of arkorax the Covered, an amateur GnWn (D:3)
  2 adders (D:2)
  3 oozes
  4 worms
  4 dart slugs
  A leopard gecko (D:2)
  3 orcs (D:3)
  4 giant cockroaches
  7 hobgoblins
  4 jackals (D:3)
  A quokka (D:2)
  11 bats
  3 frilled lizards
  6 goblins
  2 kobolds
  5 rats
61 creatures vanquished.

Notes
Turn   | Place    | Note
-------+----------+-------------------------------------------
     0 | D:1      | Lathuz the Gargoyle Earth Elementalist began the quest for the Orb.
     0 | D:1      | Reached XP level 1. HP: 10/10 MP: 3/3
   158 | D:1      | Reached skill level 4 in Earth Magic
   187 | D:1      | Reached XP level 2. HP: 15/15 MP: 3/5
   581 | D:1      | Reached XP level 3. HP: 19/19 MP: 0/6
   644 | D:1      | Learned a level 3 spell: Stone Arrow
   662 | D:1      | Reached skill level 5 in Earth Magic
   849 | D:2      | Reached skill level 1 in Conjurations
  1103 | D:2      | Reached XP level 4. HP: 12/24 MP: 0/7
  2097 | D:3      | Noticed arkorax's ghost (amateur GnWn)
  2778 | D:3      | Killed arkorax's ghost
  2778 | D:3      | Reached skill level 6 in Earth Magic
  2778 | D:3      | Reached XP level 5. HP: 4/28 MP: 0/8
  2778 | D:3      | Reached XP level 6. HP: 5/32 MP: 0/9
  3325 | D:3      | Killed from afar by an orc priest

Vault maps used:
D:1:      co_arrival_random_square_maze
D:3:      hex_medium

Skill      XL: |  1  2  3  4 |
---------------+-------------+-----
Earth Magic    | 4 5 6 |  6.1
Conjurations   | 1 4 |  4.4
Dodging        | |  1.5
Stealth        | |  2.1
Spellcasting   | |  2.0
Transmutations | |  0.7

Action                   |  1- 3 |  4- 6 || total
-------------------------+-------+-------++-------
Melee: Unarmed           |    10 |       ||    10
       Hand axe          |    13 |    58 ||    71
Throw: Stone             |     5 |     2 ||     7
 Cast: Sandblast         |    39 |    42 ||    81
       Stone Arrow       |     6 |    19 ||    25
  Use: Scroll            |     1 |       ||     1
  Eat: Chunk             |     2 |     6 ||     8
       Ration            |       |     1 ||     1
Armor: Robe              |     9 |    39 ||    48
Dodge: Dodged            |    21 |    85 ||   106

Table legend:
 A = Spawn XP
 B = Non-spawn XP
 C = Spawn XP percentage of total XP
 D = Spawn monster count
 E = Non-spawn monster count
 F = Spawn count percentage of total count
 G = Total turns spent on level
                    A         B        C        D         E        F      G
               +---------+---------+-------+---------+---------+-------+---------
         Total |       0 |     355 |   0.0 |       0 |      61 |   0.0 |  3325
               +---------+---------+-------+---------+---------+-------+---------
           D:1 |       0 |      40 |   0.0 |       0 |      19 |   0.0 |   845
           D:2 |       0 |      90 |   0.0 |       0 |      28 |   0.0 |  1882
           D:3 |       0 |     225 |   0.0 |       0 |      14 |   0.0 |   598
               +---------+---------+-------+---------+---------+-------+---------
